 Dungeon Crawl Stone Soup version 0.29.1-1-gd02db69 (webtiles) character file.

Game seed: 12894250768487472144

368 Timinator the Insei (level 6, -3/48 HPs)
             Began as a Demigod Transmuter on Jan 20, 2023.
             Slain by an ogre
             ... wielding a +0 giant club
              (27 damage)
             ... on level 4 of the Dungeon.
             The game lasted 00:08:20 (3790 turns).

Timinator the Insei (Demigod Transmuter)            Turns: 3790, Time: 00:08:20

Health: -3/48      AC:  3    Str: 15    XL:     6   Next: 17%
Magic:  11/13      EV: 12    Int: 15    God:
Gold:   121        SH:  5    Dex: 18    Spells: 8/11 levels left

rFire   . . .      SeeInvis .     - Unarmed
rCold   . . .      Faith    .   (no shield)
rNeg    . . .      Spirit   .   w - +0 leather armour
rPois   .          Reflect  +   (helmet currently unavailable)
rElec   .          Harm     .   (no cloak)
rCorr   +          Rampage  .   (no gloves)
Will    +....                   (boots currently unavailable)
Stlth   +.........              i - amulet of reflection
HPRegen 0.16/turn               h - ring of resist corrosion
MPRegen 0.13/turn               x - ring of willpower

@: appendages
A: horns 2, talons 2, high MP 1, forlorn, divine attributes
a: End Transformation


You were on level 4 of the Dungeon.
You had temporarily grown beastly horns and talons.
You visited 1 branch of the dungeon, and saw 4 of its levels.

You collected 121 gold pieces.

Inventory:

Armour
 g - a +0 ring mail
 l - a +0 helmet (melded)
 r - a +0 pair of boots (melded)
 w - a +0 leather armour (worn)
Jewellery
 h - a ring of resist corrosion (left hand)
 i - an amulet of reflection (around neck)
 x - a ring of willpower (right hand)
Scrolls
 c - a scroll of immolation {unknown}
 d - 7 scrolls of identify {unknown}
 e - a scroll of amnesia {unknown}
 j - 3 scrolls of magic mapping {unknown}
 m - 3 scrolls of teleportation {unknown}
 u - 3 scrolls of blinking {unknown}
 v - 3 scrolls of enchant weapon {unknown}
Potions
 b - a potion of lignification
 f - a potion of attraction {unknown}
 k - 2 potions of curing {unknown}
 n - 3 potions of flight {unknown}
 o - 2 potions of berserk rage {unknown}
 p - 3 potions of heal wounds {unknown}
 q - a potion of degeneration {unknown}
 s - a potion of mutation {unknown}
 t - a potion of brilliance {unknown}


   Skills:
 + Level 2.1 Fighting
 * Level 2.1 Armour
 + Level 2.6 Dodging
 * Level 4.1 Unarmed Combat
 - Level 3.0 Spellcasting
 + Level 2.7 Transmutations


You had 8 spell levels left.
You knew the following spells:

 Your Spells              Type           Power      Damage    Failure   Level
a - Beastly Appendage     Tmut           20%        N/A       9%          1
b - Wereblood             Tmut           10%        N/A       12%         2

Your spell library contained the following spells:

 Spells                   Type           Power      Damage    Failure   Level
 Summon Small Mammal      Summ           8%         N/A       24%         1
 Blink                    Tloc           4%         N/A       36%         2
 Spider Form              Tmut/Pois      6%         N/A       38%         3
 Ignite Poison            Fire/Tmut/Pois 4%         N/A       45%         3
 Call Canine Familiar     Summ           2%         N/A       58%         3
 Lesser Beckoning         Tloc           2%         N/A       58%         3
 Mephitic Cloud           Conj/Pois/Air  2%         N/A       58%         3
 Summon Guardian Golem    Hex/Summ       2%         N/A       58%         3
 Ice Form                 Ice/Tmut       6%         N/A       80%         4
 Freezing Cloud           Conj/Ice/Air   1%         6-21      100%        5
 Manifold Assault         Tloc           2%         N/A       100%        5


Dungeon Overview and Level Annotations

Branches:
Dungeon (4/15)             Temple (0/1) D:4


Innate Abilities, Weirdness & Mutations

You have temporarily grown beastly horns and talons.
You have an increased reservoir of magic. (+10% MP)
You shall have no god before yourself.
Your divine heritage dramatically boosts your attributes as you level up.


Message History

m - 3 scrolls labelled OKHENI QAMI (gained 1)
Your horns disappear.
Your talons disappear.
Your +0 helmet unmelds from your body.
Your +0 pair of boots unmelds from your body.
HP restored.
There is an open door here.
You open the door.
An ogre comes into view. It is wielding a +0 giant club.
The ogre shouts!
Found a staircase to the Ecumenical Temple.
An ogre is nearby!
Casting: Beastly Appendage (safe; 9% risk of failure)
Confirm with . or Enter, or press ? or * to list all spells.
Okay, then.
Casting: Beastly Appendage (safe; 9% risk of failure)
Press: ? - help, Q - select action, (/) - cycle Dir - look around, f - activate
Okay, then.
Casting: Beastly Appendage (safe; 9% risk of failure)
Confirm with . or Enter, or press ? or * to list all spells.
You grow a pair of large bovine horns.
Your feet morph into talons.
Your +0 helmet melds into your body.
Your +0 pair of boots melds into your body.
You aren't carrying any items that you can evoke.
Unknown command.
Casting: Beastly Appendage (safe; 9% risk of failure)
Confirm with . or Enter, or press ? or * to list all spells.
You fail to extend your transformation any further.
You hit the ogre.
The ogre is lightly wounded.
The ogre hits you with a +0 giant club!
You hit the ogre. Your kick misses the ogre.
The ogre is lightly wounded.
You hit the ogre. Your kick misses the ogre.
The ogre is moderately wounded.
The ogre hits you with a +0 giant club!
You barely miss the ogre. You headbutt the ogre!
The ogre is severely wounded.
The ogre hits you with a +0 giant club!!
Ouch! That really hurt!
You die...

#.# #......# #. #.#
###.##.# #.# #.# #.##.#
#.# #.# #.##+# ###'####.#
#..... ### #.....#..###
##.... ....#.###.#.##.##
##.....
...'.#>'.'.#...####......
..#.###@#........+......
#...O.#.#...####......
###+###.##.## ##.....
##.#..[# ##....
#.#....#######...
##.#...##.....#+#
####.###.###.#.#
#.###.###.#.#
#.##........#


You could see an ogre.

Vanquished Creatures
  The ghost of Peacahk the Conjurer, an amateur HuHW (D:3)
  A wyvern skeleton (D:3)
  A bullfrog zombie (D:3)
  5 adders
  3 worms (D:2)
  3 dart slugs
  11 orcs
  6 bats
  9 endoplasms
  7 giant cockroaches
  12 goblins
  3 hobgoblins
  4 quokkas
  6 ball pythons
  2 frilled lizards (D:3)
  9 kobolds
  8 rats
91 creatures vanquished.

Notes
Turn   | Place    | Note
-------+----------+-------------------------------------------
     0 | D:1      | Timinator the Demigod Transmuter began the quest for the
                  | Orb.
     0 | D:1      | Reached XP level 1. HP: 15/15 MP: 5/5
   309 | D:1      | Reached skill level 1 in Fighting
   522 | D:1      | Reached XP level 2. HP: 12/23 MP: 5/7
  1127 | D:2      | Reached skill level 3 in Unarmed Combat
  1150 | D:2      | Reached XP level 3. HP: 20/28 MP: 8/8
  1306 | D:2      | Learned a level 2 spell: Wereblood
  1717 | D:2      | Reached skill level 1 in Armour
  1943 | D:2      | Reached XP level 4. HP: 26/35 MP: 8/10
  2679 | D:3      | Found a transporter.
  2854 | D:3      | Found a transporter.
  2929 | D:3      | Noticed Peacahk's ghost (amateur HuHW)
  3250 | D:3      | Killed Peacahk's ghost
  3251 | D:3      | Reached XP level 5. HP: 31/41 MP: 9/12
  3252 | D:3      | Reached skill level 4 in Unarmed Combat
  3255 | D:3      | Reached XP level 6. HP: 31/48 MP: 9/13
  3779 | D:4      | Found a staircase to the Ecumenical Temple.
  3790 | D:4      | Slain by an ogre

Illustrated notes

Levels and vault maps discovered:
D:1:      lightli_arrival_farm, layout_basic, minmay_hexomino_r4
D:2:      minmay_razor_zed, layout_rooms, dilly_ecumenical_altar_fadedgnrine,
          basic_altar, grunt_ministairs_7
D:3:      layout_loops_ring, gammafunk_ghost_mausoleum
D:4:      cheibrodos_thug_alley, layout_loops_corners,
          grunt_temple_overflow_open, minmay_temple_entry_glassed_door,
          uniq_eustachio

Skill      XL: |  1  2  3  4  5 |
---------------+----------------+-----
Fighting       | 1 2 |  2.1
Spellcasting   | 2 3 |  3.0
Transmutations | 2 |  2.7
Unarmed Combat | 3 4 |  4.1
Dodging        | 2 |  2.6
Armour         | 1 2 |  2.1

Action                   |  1- 3 |  4- 6 || total
-------------------------+-------+-------++-------
Melee: Unarmed           |   117 |   132 ||   249
       Kick              |    24 |    30 ||    54
       Headbutt          |    11 |     9 ||    20
       Punch             |     2 |     1 ||     3
 Cast: Beastly Appendage |    21 |    18 ||    39
       Wereblood         |     2 |     9 ||    11
  Use: Potion            |     1 |     1 ||     2
 Stab: Sleeping          |     2 |     2 ||     4
Armor: Robe              |    20 |    10 ||    30
       Skin              |     5 |     8 ||    13
       Leather armour    |       |    10 ||    10
Dodge: Dodged            |    62 |    37 ||    99
Block: Other             |    24 |    20 ||    44
       Reflection        |     1 |     2 ||     3
